 Dungeon Sprint DCSS version 0.30-a0-359-gd0147acb1a (webtiles) character file.

Game seed: 1585997201702186068

0 fingers the Cudgeller (level 2, -2/17 (26) HPs)
             Began as a Gnoll Reaver on Nov 11, 2022.
             Was an Initiate of Yredelemnul.
             Slain by a quokka (3 damage)
             ... in the Dungeon (Sprint VI: "Thunderdome").
             The game lasted 00:01:24 (129 turns).

fingers the Cudgeller (Gnoll Reaver)                 Turns: 129, Time: 00:01:25

HP:   -2/17 (26)    AC:  3    Str: 17    XL:     2   Next: 25%
MP:   8/8           EV: 13    Int: 10    God:    Yredelemnul [......]
Gold: 110           SH:  0    Dex: 15    Spells: 10/11 levels left

rFire   x . .      SeeInvis .    a - +0 mace
rCold   + . .      Faith    .    (no shield)
rNeg    . . .      Spirit   .    b - +0 leather armour
rPois   .          Reflect  .    (no helmet)
rElec   +          Harm     .    (no cloak)
rCorr   .          Rampage  +    (no gloves)
Will    .....      NoTele   +    (no boots)
Stlth   ++........               m - amulet of the Salmon {RegenMP Rampage rElec Str+2 Dex+2}
HPRegen 0.22/turn                n - ring "Lawoff" {Ice rElec Str+4 Int-2 Dex+3}
MPRegen 0.51/turn                (no ring)

@: very heavily drained
A: fangs 1, strong nose, distributed training
a: Renounce Religion, Recall Undead Harvest


You were in the Dungeon.
You worshipped Yredelemnul.
Yredelemnul was noncommittal.
You visited 1 branch You collected 200 gold pieces.
You spent 90 gold pieces at shops.

Inventory:

Hand Weapons
 a - a +0 mace (weapon)
Armour
 b - a +0 leather armour (worn)
Jewellery
 m - the amulet of the Salmon (around neck) {RegenMP Rampage rElec Str+2 Dex+2}
   (You bought it in a shop in the Dungeon)

   [amulet of magic regeneration]

   It increases your rate of magic regeneration.
   Str:       It affects your strength (+2).
   Dex:       It affects your dexterity (+2).
   rElec:     It insulates you from electricity.
   Rampage:   It bestows one free step when moving towards enemies.
 n - the ring "Lawoff" (left hand) {Ice rElec Str+4 Int-2 Dex+3}
   (You bought it in a shop in the Dungeon)

   [ring of ice]

   It enhances your ice magic.
   Str:       It affects your strength (+4).
   Int:       It affects your intelligence (-2).
   Dex:       It affects your dexterity (+3).
   rF:        It makes you vulnerable to fire.
   rC:        It protects you from cold.
   rElec:     It insulates you from electricity.
Wands
 j - a wand of light (5)
 k - a wand of roots (5)
Scrolls
 h - 4 scrolls of blinking
 l - 3 scrolls of butterflies
Potions
 c - a potion of curing
 d - 4 potions of heal wounds
 e - 4 potions of haste
 f - 2 potions of magic
 g - a potion of berserk rage
 i - a potion of resistance


   Skills:
 + Level 4.7 Fighting
 + Level 1.2 Short Blades
 + Level 1.2 Long Blades
 + Level 1.2 Axes
 + Level 6.6 Maces & Flails
 + Level 1.2 Polearms
 + Level 1.2 Staves
 + Level 1.2 Ranged Weapons
 + Level 1.2 Throwing
 + Level 1.2 Armour
 + Level 4.7 Dodging
 + Level 1.2 Stealth
 + Level 1.2 Shields
 + Level 1.2 Unarmed Combat
 + Level 5.1 Spellcasting
 + Level 5.5 Conjurations
 + Level 1.0 Hexes
 + Level 1.0 Summonings
 + Level 1.0 Necromancy
 + Level 1.0 Translocations
 + Level 1.0 Transmutations
 + Level 1.0 Fire Magic
 + Level 1.0 Ice Magic
 + Level 1.0 Air Magic
 + Level 1.0 Earth Magic
 + Level 1.0 Poison Magic
 + Level 1.4 Invocations
 + Level 1.2 Evocations


You had 10 spell levels left.
You knew the following spells:

 Your Spells              Type           Power      Damage    Failure   Level
a - Kiss of Death         Conj/Necr      36%        2d8       7%          1

Your spell library contained the following spells:

 Spells                   Type           Power      Damage    Failure   Level
 Momentum Strike          Conj/Tloc      18%        3d8       11%         2
 Hailstorm                Conj/Ice       13%        3d5       22%         3


Dungeon Overview and Level Annotations

Branches:
Dungeon (1/1)

Altars:
Cheibriados
Dithmenos
Fedhas
Gozag
Kikubaaqudgha
Makhleb
Okawaru
Qazlal
Ru
Sif Muna
Trog
Uskayaw
Vehumet
Wu Jian
Xom
Yredelemnul
Zin
The Shining One
Lugonu

Shops:
D *[??*?*:[((!!!!

Annotations:
D Pargi


Innate Abilities, Weirdness & Mutations

You have very sharp teeth.
Your uncanny sense of smell can sniff out nearby items.
Your experience applies equally to all skills.


Message History

Your rat zombie closely misses the quokka.
The quokka barely misses your rat zombie.
Your rat zombie misses the quokka.
The quokka completely misses your rat zombie.
The quokka bites your rat zombie.
Your rat zombie barely misses the quokka.
Pargi the Meek comes into view.
The quokka bites your rat zombie. The quokka bites your rat zombie.
Your rat zombie bites the quokka.
The quokka bites your rat zombie.
Your rat zombie bites the quokka.
You are too injured to fight recklessly!
Casting: Kiss of Death (safe; 7% risk of failure)
Confirm with . or Enter, or press ? or * to list all spells.
You don't know that spell.
Casting: Kiss of Death (safe; 7% risk of failure)
Confirm with . or Enter, or press ? or * to list all spells.
Aiming: Kiss of Death (safe; 7% risk of failure)
Press: ? - help, Shift-Dir - straight line, f - Pargi
Aim: Pargi (100% to hit)
The negative energy hits Pargi.
Pargi is drained!
Pargi is lightly wounded.
You feel drained. The quokka bites your rat zombie.
Your rat zombie is destroyed!
Pargi bites you. Pargi closely misses you. Pargi barely misses you.
You hit Pargi.
Pargi is moderately wounded.
Pargi bites you.
* * * LOW HITPOINT WARNING * * *
Pargi barely misses you. x2
You hit Pargi.
Pargi is heavily wounded.
Pargi bites you.
* * * LOW HITPOINT WARNING * * *
Pargi closely misses you. Pargi claws you but does no damage.
You closely miss Pargi.
Pargi is heavily wounded.
Pargi barely misses you. Pargi claws you but does no damage.
Pargi closely misses you. The quokka bites you.
You die...
Your body rises from the dead as a mindless zombie.

##.....## ##∩.....∩##
#∩.......∩# #_......._#
#_......._# #.........#
###.........### #⌠...........⌠#
######.8.....@r..8.######
##._._......###T.....___∩##
###∩........8.# #.8........∩###
#.............###.............#
⌠..........###...###..........⌠
⌠..........# #.<.# #..........⌠
⌠..........###...###..........⌠
#.............###.............#
###∩........8.# #.8........∩###


You could see Pargi (drained) and a quokka.

Vanquished Creatures
  A river rat (D)
  A quokka (D)
  A rat (D)
3 creatures vanquished.

Vanquished Creatures (others)
  A rat zombie (D)
1 creature vanquished.

Grand Total: 4 creatures vanquished

Notes
Turn   | Place    | Note
-------+----------+-------------------------------------------
     0 | D        | fingers the Gnoll Reaver began the quest for the Orb.
     0 | D        | Reached XP level 1. HP: 20/20 MP: 6/6
     1 | D        | Found a basalt altar of Yredelemnul.
     2 | D        | Found a glowing golden altar of the Shining One.
     2 | D        | Found an opulent altar of Gozag.
     3 | D        | Found a burning altar of Makhleb.
     3 | D        | Found a shimmering blue altar of Sif Muna.
     5 | D        | Found a hide-covered altar of Uskayaw.
     5 | D        | Found a glowing silver altar of Zin.
     5 | D        | Round 1.
     6 | D        | Found a shadowy altar of Dithmenos.
     6 | D        | Found Ocoven's Staff Store.
     6 | D        | Found Zahintow's Magic Scroll Shop.
     7 | D        | Found Yringaroho's Must-Have Magic.
     7 | D        | Found Oreosimomi's Magic Scroll Shop.
    11 | D        | Found Rydil's Distillery.
    13 | D        | Found Mevah's Distillery.
    13 | D        | Found Donkuyr's Bottled Wisdom.
    19 | D        | Became a worshipper of Yredelemnul the Dark
    20 | D        | Found a bloodstained altar of Trog.
    20 | D        | Found Lydifu's Do-It-Yourself Clinic.
    26 | D        | Found a shimmering altar of Xom.
    28 | D        | Found an iron altar of Okawaru.
    30 | D        | Found a sacrificial altar of Ru.
    31 | D        | Found Wyuj's Weapon Rack.
    32 | D        | Found a blossoming altar of Fedhas.
    32 | D        | Found a radiant altar of Vehumet.
    32 | D        | Found Geeth's Premium Goods.
    33 | D        | Found Laica Wyfa's Basic Armour.
    33 | D        | Found Yloy's Miscellaneous Merchandise.
    40 | D        | Found an ancient bone altar of Kikubaaqudgha.
    48 | D        | Found a stormy altar of Qazlal.
    48 | D        | Found a corrupted altar of Lugonu.
    50 | D        | Found Ethrer's Identification Station.
    52 | D        | Found Gesked's Advanced Armour.
    52 | D        | Found Memez's Jewellery.
    53 | D        | Found an ornate altar of the Wu Jian Council.
    53 | D        | Found a snail-covered altar of Cheibriados.
    67 | D        | Bought an ancient lead amulet for 45 gold pieces
    67 | D        | Identified the amulet of the Salmon {RegenMP Rampage rElec
                  | Str+2 Dex+2} (You bought it in a shop in the Dungeon)
    67 | D        | Bought a bound amber ring for 45 gold pieces
    67 | D        | Identified the ring "Lawoff" {Ice rElec Str+4 Int-2 Dex+3}
                  | (You bought it in a shop in the Dungeon)
   100 | D        | Reached skill level 1 in Short Blades
   100 | D        | Reached skill level 1 in Long Blades
   100 | D        | Reached skill level 1 in Axes
   100 | D        | Reached skill level 1 in Polearms
   100 | D        | Reached skill level 1 in Staves
   100 | D        | Reached skill level 1 in Ranged Weapons
   100 | D        | Reached skill level 1 in Throwing
   100 | D        | Reached skill level 1 in Armour
   100 | D        | Reached skill level 1 in Stealth
   100 | D        | Reached skill level 1 in Shields
   100 | D        | Reached skill level 1 in Unarmed Combat
   100 | D        | Reached skill level 5 in Spellcasting
   100 | D        | Reached skill level 1 in Hexes
   100 | D        | Reached skill level 1 in Summonings
   100 | D        | Reached skill level 1 in Necromancy
   100 | D        | Reached skill level 1 in Translocations
   100 | D        | Reached skill level 1 in Transmutations
   100 | D        | Reached skill level 1 in Fire Magic
   100 | D        | Reached skill level 1 in Ice Magic
   100 | D        | Reached skill level 1 in Air Magic
   100 | D        | Reached skill level 1 in Earth Magic
   100 | D        | Reached skill level 1 in Poison Magic
   100 | D        | Reached skill level 1 in Invocations
   100 | D        | Reached skill level 1 in Evocations
   100 | D        | Reached XP level 2. HP: 5/26 MP: 8/8
   122 | D        | Noticed Pargi
   129 | D        | Slain by a quokka

Illustrated notes

Levels and vault maps discovered:
D:        arena_sprint

Skill      XL: |  1 |
---------------+----+-----
Short Blades   | 1 |  1.2
Long Blades    | 1 |  1.2
Axes           | 1 |  1.2
Polearms       | 1 |  1.2
Staves         | 1 |  1.2
Ranged Weapons | 1 |  1.2
Throwing       | 1 |  1.2
Armour         | 1 |  1.2
Stealth        | 1 |  1.2
Shields        | 1 |  1.2
Unarmed Combat | 1 |  1.2
Spellcasting   | 5 |  5.1
Hexes          | 1 |  1.0
Summonings     | 1 |  1.0
Necromancy     | 1 |  1.0
Translocations | 1 |  1.0
Transmutations | 1 |  1.0
Fire Magic     | 1 |  1.0
Ice Magic      | 1 |  1.0
Air Magic      | 1 |  1.0
Earth Magic    | 1 |  1.0
Poison Magic   | 1 |  1.0
Invocations    | 1 |  1.4
Evocations     | 1 |  1.2
Fighting       | |  4.7
Maces & Flails | |  6.6
Dodging        | |  4.7
Conjurations   | |  5.5

Action                   || total
-------------------------++-------
Melee: Mace              ||    16
       Bite              ||     1
 Cast: Kiss of Death     ||     2
Armor: Leather armour    ||     2
Dodge: Dodged            ||    16

Table legend: (Time is in decaauts)
 A = Elapsed time spent in this place.
 B = Non-inter-level travel time spent in this place.
 C = Inter-level travel time spent in this place.
 D = Time resting spent in this place.
 E = Time spent auto-exploring this place.
 F = Levels seen in this place.
 G = Mean time per level.
                   A        B        C        D        E       F      G
               +--------+--------+--------+--------+--------+-----+--------+
         Total |    129 |    129 |      0 |      7 |      0 |   1 |  129.0 |
       Dungeon |    129 |    129 |      0 |      7 |      0 |   1 |  129.0 |
               +--------+--------+--------+--------+--------+-----+--------+

Top non-repeatable levels by time:
       D: 129 daAuts
